 Dungeon Crawl Stone Soup version 0.27-a0-1200-g94dc6ad4cf (webtiles) character file.

Game seed: 1368983961071605990

8595 robertstho the Thaumaturge (level 11, -4/76 HPs)
             Began as a Djinni Fire Elementalist on June 1, 2021.
             Was an Initiate of Gozag.
             Shot with an arrow by a centaur warrior (24 damage)
             ... on level 10 of the Dungeon.
             The game lasted 00:17:56 (13415 turns).

robertstho the Thaumaturge (DjFE)                  Turns: 13415, Time: 00:17:56

Health: -4/76      AC:  5    Str:  7    XL:     11   Next: 58%
Gold:   1058       EV: 15    Int: 20    God:    Gozag SH:  0 Dex: 20

rFire    + + +     SeeInvis .   b - +0 dagger (venom)
rCold    x . .     Faith    .   (no shield)
rNeg     . . .     Spirit   .   a - +0 robe
rPois    ∞         Reflect  .   k - +2 hat
rElec    .         Harm     .   n - +0 cloak
rCorr    .         Rampage  .   (no gloves)
Will     +....                  (boots unavailable)
Stlth    +++.......             y - amulet of the acrobat
HPRegen  0.22/turn              v - ring of protection from fire
MPRegen  0.00/turn              p - +6 ring of dexterity

@: flying
A: sickness immunity, fire resistance 2, cold vulnerability 1, float, innate
caster, hp casting, extra vitality 1
a: Renounce Religion, Potion Petition, Call Merchant, Bribe Branch


You were on level 10 of the Dungeon.
You worshipped Gozag.
Gozag was most pleased with you.
You visited 2 branches of the dungeon, and saw 11 of its levels.

You collected 1249 gold pieces.
You spent 110 gold pieces at shops.
You paid 81 gold pieces to Gozag.

Inventory:

Hand Weapons
 b - a +0 dagger of venom (weapon)
 e - a +2 mace of holy wrath
 f - a +5 great sword of freezing
Armour
 a - a +0 robe (worn)
 k - a +2 hat (worn)
 n - a +0 cloak (worn)
Jewellery
 g - a ring of positive energy
 p - a +6 ring of dexterity (right hand)
 v - a ring of protection from fire (left hand)
 y - an amulet of the acrobat (around neck)
Wands
 w - a wand of digging (6)
Scrolls
 j - 2 scrolls of silence
 o - 2 scrolls of enchant armour {unknown}
 r - 3 scrolls of magic mapping {unknown}
 s - 3 scrolls of immolation {unknown}
 t - a scroll of vulnerability {unknown}
 u - 2 scrolls of teleportation {unknown}
 x - 2 scrolls of enchant weapon {unknown}
 B - 2 scrolls of fear {unknown}
Potions
 c - 4 potions of might
 d - 2 potions of heal wounds
 h - 3 potions of lignification
 i - 3 potions of attraction
 l - 8 potions of ambrosia
 z - 2 potions of cancellation
 C - a potion of curing


   Skills:
 * Level 5.8 Fighting
 + Level 1.4 Short Blades
 + Level 0.1 Maces & Flails
 + Level 4.9 Dodging
 + Level 4.0 Stealth
 * Level 11.7 Spellcasting


You had 3 spell levels left.
You knew the following spells:

 Your Spells              Type           Power      Damage    Failure   Level
a - Foxfire               Conj/Fire      100%       2x1d9     1%          1
b - Conjure Flame         Conj/Fire      55%        6-21      1%          3
c - Inner Flame           Hex/Fire       55%        N/A       1%          3
d - Sticky Flame          Conj/Fire      55%        2d7       1%          4
e - Fireball              Conj/Fire      27%        3d12      1%          5
f - Freeze                Ice            100%       1d11      1%          1
g - Corpse Rot            Necr/Air       N/A        N/A       1%          2
h - Call Canine Familiar  Summ           55%        N/A       1%          3
i - Passage of Golubria   Tloc           N/A        N/A       1%          4
j - Animate Dead          Necr           27%        N/A       1%          4
Your spell library was empty.

Dungeon Overview and Level Annotations

Branches:
Dungeon (10/15)            Temple (1/1) D:5
   Lair: D:8-11         Orc: D:9-12

Altars:
Ashenzari
Elyvilon
Fedhas
Gozag
Hepliaklqana
Kikubaaqudgha
Okawaru
Qazlal
Ru
Sif Muna
Trog
Wu Jian
Yredelemnul

Shops:
D:3 !   D:7 (

Annotations:
D:7 3 runed translucent doors, leviel's ghost, novice HOFi


Innate Abilities, Weirdness & Mutations

You are immune to sickness and miasma.
You are immune to poison.
Your flesh is very heat resistant. (rF++)
You are vulnerable to cold. (rC-)
You float through the air rather than walking.
You learn spells naturally, not from books.
Your magical power is your life essence.
You have superior vitality. (+4 HP)


Message History

A centaur warrior comes into view.
The centaur warrior wields a +2 shortbow of freezing.
It is covered in frost.
The centaur warrior shoots an arrow.
The arrow hits you!! The arrow freezes you!
A centaur warrior is nearby!
A centaur warrior is nearby!
A centaur warrior is nearby!
Casting: Sticky Flame (mildly dangerous; 1% risk of failure)
Confirm with . or Enter, or press ? or * to list all spells.
Aiming: Fireball (dangerous; 1% risk of failure)
Press: ? - help, Shift-Dir - straight line The fireball explodes!
The fireball engulfs the centaur warrior!
The centaur warrior is moderately wounded.
The centaur warrior shoots an arrow.
The arrow hits you. The arrow freezes you.
Unknown command.
Casting: Fireball (dangerous; 1% risk of failure)
Confirm with . or Enter, or press ? or * to list all spells.
Aiming: Fireball (dangerous; 1% risk of failure)
Press: ? - help, Shift-Dir - straight line The fireball explodes!
The fireball engulfs the centaur warrior!
The centaur warrior is heavily wounded.
The centaur warrior shoots an arrow.
The arrow hits you!
* * * LOW HITPOINT WARNING * * *
The arrow freezes you!
* * * LOW HITPOINT WARNING * * *
You feel much better.
The centaur warrior shoots an arrow.
The arrow closely misses you.
Casting: Fireball (dangerous; 1% risk of failure)
Confirm with . or Enter, or press ? or * to list all spells.
Aiming: Fireball (dangerous; 1% risk of failure)
Press: ? - help, Shift-Dir - straight line The fireball explodes!
The fireball engulfs the centaur warrior!!
The centaur warrior is almost dead.
* * * LOW HITPOINT WARNING * * *
The centaur warrior shoots an arrow.
The arrow hits you!!
You die...
Your body crumbles into a pile of gold.

................#.##.#
................#....#
###.#############....#
####..........#'####
#.......##.'...#
#.####..##.#...#
#..........#####
#+####'#########...
#.......@....c..
#...............
#########+###### $


You could see a centaur warrior.

Vanquished Creatures
  2 two-headed ogres (D:9)
  Pikel (D:4)
  Maurice (D:9)
  Joseph (D:8)
  A queen bee (D:9)
  Prince Ribbit (D:9)
  A spriggan (D:7)
  5 yaks (D:9)
  A wraith (D:9)
  A wyvern (D:8)
  5 water moccasins
  A black bear (D:4)
  2 orc warriors
  A sky beast (D:8)
  3 ogres
  2 centaurs (D:9)
  2 phantoms
  A kobold brigand (D:8)
  4 bullfrogs
  5 scorpions
  A wyvern zombie (D:6)
  27 killer bees
  6 wights
  2 howler monkeys (D:5)
  3 centaur zombies
  2 centaur skeletons (D:7)
  6 orc priests
  Crazy Yiuf (D:3)
  2 hounds
  A bullfrog skeleton (D:6)
  3 iguanas
  2 orc wizards
  2 killer bee zombies
  Robin (D:2)
  4 gnolls (D:6)
  3 adders
  A shadow imp (D:7)
  An ufetubus (D:6)
  2 dart slugs
  21 orcs
  6 endoplasms
  2 giant cockroaches
  14 goblins
  10 hobgoblins
  9 jackals
  3 quokkas
  7 ball pythons
  4 bats
  2 frilled lizards (D:2)
  15 kobolds
  2 rats
206 creatures vanquished.

Vanquished Creatures (collateral kills)
  2 foxfires (D:8)
2 creatures vanquished.

Vanquished Creatures (others)
  819 foxfires
819 creatures vanquished.

Grand Total: 1027 creatures vanquished

Notes
Turn   | Place    | Note
-------+----------+-------------------------------------------
     0 | D:1      | robertstho the Djinni Fire Elementalist began the quest for
                  | the Orb.
     0 | D:1      | Reached XP level 1. HP: 15/15 MP: 0/0
   104 | D:1      | Reached XP level 2. HP: 7/21 MP: 0/0
   536 | D:1      | Found a faded altar of an unknown god.
   765 | D:1      | Reached skill level 3 in Spellcasting
   986 | D:1      | Reached XP level 3. HP: 25/25 MP: 0/0
   986 | D:1      | Learned a level 1 spell: Freeze
  2232 | D:2      | Found an ornate altar of the Wu Jian Council.
  2452 | D:2      | Noticed Robin
  2465 | D:2      | Killed Robin
  2466 | D:2      | Reached XP level 4. HP: 24/31 MP: 0/0
  3494 | D:3      | Reached skill level 1 in Fighting
  3494 | D:3      | Reached skill level 4 in Spellcasting
  3494 | D:3      | Reached XP level 5. HP: 34/37 MP: 0/0
  3494 | D:3      | Learned a level 2 spell: Corpse Rot
  4042 | D:3      | Found a runed translucent door.
  4043 | D:3      | Noticed Crazy Yiuf
  4068 | D:3      | Found Ryner's Distillery.
  4071 | D:3      | Bought a potion of heal wounds for 50 gold pieces
  4071 | D:3      | Bought a potion of lignification for 30 gold pieces
  4071 | D:3      | Bought a potion of attraction for 30 gold pieces
  4451 | D:3      | Killed Crazy Yiuf
  4524 | D:4      | Reached XP level 6. HP: 38/42 MP: 0/0
  4874 | D:4      | Noticed Pikel
  4886 | D:4      | Noticed an ogre
  4892 | D:4      | Killed Pikel
  4893 | D:4      | Reached skill level 6 in Spellcasting
  4893 | D:4      | Reached XP level 7. HP: 28/49 MP: 0/0
  4893 | D:4      | Learned a level 3 spell: Call Canine Familiar
  4893 | D:4      | Reached XP level 8. HP: 31/55 MP: 0/0
  6317 | D:5      | Entered Level 5 of the Dungeon
  6443 | D:5      | Found a staircase to the Ecumenical Temple.
  6473 | D:5      | Reached skill level 7 in Spellcasting
  6483 | Temple   | Entered the Ecumenical Temple
  6653 | Temple   | Became a worshipper of Gozag Ym Sagoz the Greedy
  7136 | D:5      | Reached XP level 9. HP: 50/61 MP: 0/0
  7136 | D:5      | Learned a level 4 spell: Passage of Golubria
  7921 | D:6      | Reached skill level 8 in Spellcasting
  8950 | D:7      | Found a runed translucent gate.
  8953 | D:7      | Found a runed translucent gate.
  9058 | D:7      | Found a runed translucent gate.
  9097 | D:7      | Reached skill level 9 in Spellcasting
  9149 | D:7      | Found a stormy altar of Qazlal.
  9302 | D:7      | Found Berale Etug's Antique Weapon Emporium.
  9345 | D:7      | Noticed leviel's ghost (novice HOFi)
  9562 | D:7      | Reached XP level 10. HP: 62/67 MP: 0/0
  9852 | D:8      | Noticed Joseph
  9869 | D:8      | Killed Joseph
 10181 | D:8      | Reached skill level 10 in Spellcasting
 11153 | D:9      | Noticed Maurice
 11161 | D:9      | Paralysed by Maurice for 5 turns
 11179 | D:9      | Killed Maurice
 11368 | D:9      | Noticed a two-headed ogre
 11369 | D:9      | Killed a two-headed ogre
 11370 | D:9      | Reached skill level 5 in Fighting
 11508 | D:9      | Noticed a two-headed ogre
 11512 | D:9      | Killed a two-headed ogre
 11513 | D:9      | Reached XP level 11. HP: 59/75 MP: 0/0
 11513 | D:9      | Learned a level 4 spell: Animate Dead
 11675 | D:9      | Reached skill level 11 in Spellcasting
 12016 | D:9      | Reached skill level 1 in Short Blades
 12278 | D:9      | Noticed Prince Ribbit
 12323 | D:9      | Killed Prince Ribbit
 13226 | D:10     | Entered Level 10 of the Dungeon
 13411 | D:10     | Noticed a centaur warrior
 13413 | D:10     | HP: 2/76 [centaur warrior/arrow (12)]
 13415 | D:10     | Shot with an arrow by a centaur warrior

Illustrated notes

Levels and vault maps discovered:
D:1:      lightli_arrival_isolated_outpost, layout_basic,
          hellmonk_ecumenical_altar_heavens_door
D:2:      layout_basic, basic_altar, uniq_robin
D:3:      layout_rooms, serial_shops, nicolae_shop_behind_doors,
          kennysheep_pointless_box, kennysheep_boxes, uniq_crazy_yiuf_cottage
D:4:      layout_layer_cave, kennysheep_generic_room_10, uniq_ijyb, uniq_pikel
D:5:      layout_loops_corners, minmay_temple_entry_metal_lava,
          minmay_manual_mail
D:6:      cheibrodos_iron_armory, layout_layer_cave, uniq_maggie
D:7:      layout_rooms, kennysheep_little_box, gammafunk_ghost_icy,
          serial_shops, nicolae_shop_waterfront, nicolae_lava_and_water,
          grunt_decor_clamped, the_hattery
D:8:      layout_rooms, uniq_joseph
D:9:      layout_loops_ring, special_room [special_room_bee],
          hangedman_decor_peaks_small, uniq_maurice, uniq_prince_ribbit1
D:10:     layout_stronghold, erik_lair_orcish_takeover
Temple:   roderic_octagonal_lattice_temple

Skill      XL: |  1  2  3  4  5  6  7  8  9 10 11 |
---------------+----------------------------------+-----
Spellcasting   | 3 4 6 7 9 10 11 | 11.7
Fighting       | 1 2 3 4 5 |  5.8
Stealth        | 2 3 4 |  4.0
Dodging        | 3 4 |  4.9
Short Blades   | 1 |  1.4
Maces & Flails | |  0.1

Action                   |  1- 3 |  4- 6 |  7- 9 | 10-12 || total
-------------------------+-------+-------+-------+-------++-------
Melee: Dagger            |       |     6 |     1 |    66 ||    73
       Mace              |       |       |       |    10 ||    10
 Cast: Foxfire           |    85 |    92 |   247 |    85 ||   509
       Sticky Flame      |       |     3 |    10 |    27 ||    40
       Fireball          |       |       |     1 |    22 ||    23
       Call Canine Famil |       |       |     1 |       ||     1
       Conjure Flame     |       |       |       |     3 ||     3
  Use: Scroll            |     2 |     3 |     2 |     1 ||     8
       Potion            |       |     1 |     1 |     1 ||     3
 Stab: Sleeping          |       |       |       |     1 ||     1
Armor: Robe              |     3 |     8 |    10 |    27 ||    48
Dodge: Dodged            |     7 |    23 |    31 |   103 ||   164

Table legend: (Time is in decaauts)
 A = Elapsed time spent in this place.
 B = Non-inter-level travel time spent in this place.
 C = Inter-level travel time spent in this place.
 D = Time resting spent in this place.
 E = Time spent auto-exploring this place.
 F = Levels seen in this place.
 G = Mean time per level.
                   A        B        C        D        E       F      G
               +--------+--------+--------+--------+--------+-----+--------+
         Total |  13418 |  13107 |    311 |    408 |  11150 |  11 | 1219.8 |
       Dungeon |  13229 |  12937 |    292 |    408 |  10984 |  10 | 1322.9 |
        Temple |    189 |    170 |     19 |      0 |    166 |   1 |  189.0 |
               +--------+--------+--------+--------+--------+-----+--------+

Top non-repeatable levels by time:
     D:9: 2087 daAuts
     D:4: 1800 daAuts
     D:2: 1584 daAuts
     D:3: 1468 daAuts
     D:1: 1461 daAuts
     D:8: 1343 daAuts
     D:5: 1325 daAuts
     D:6: 1078 daAuts
     D:7: 888 daAuts
    D:10: 189 daAuts
  Temple: 189 daAuts
